 Dungeon Crawl Stone Soup version 0.31.0-12-g77e489cdc1 (webtiles) character file.

Game seed: 4943468958288054678

193 lordive the Ruffian (level 5, -4/33 HPs)
             Began as an Octopode Shapeshifter on Mar 2, 2024.
             Slain by an orc
             ... wielding a +0 mace
              (6 damage)
             ... on level 3 of the Dungeon.
             The game lasted 00:02:56 (2442 turns).

lordive the Ruffian (Octopode Shapeshifter)         Turns: 2442, Time: 00:02:56

Health: -4/33      AC:  1    Str: 15    XL:     5   Next: 72%
Magic:  5/5        EV: 13    Int: 12    God:
Gold:   120        SH:  0    Dex: 12    Spells: 4/4 levels left

rFire   . .          .
                       - Unarmed
rCold   . . .        (no shield)
rNeg    . . .        (helmet currently unavailable)
rPois   .            (no amulet)
rElec   .            (no ring)
rCorr   .            (no ring)
SInv    .            (no ring)
Will    .....        (no ring)
Stlth   ++           (no ring)
HPRegen 0.25/turn    (no ring)
MPRegen 0.09/turn    (no ring)
                     (no ring)

%: no passive effects
@: beast-form
A: beast (slay +2), almost no armour, amphibious, 8 rings, camouflage 1,
gelatinous body 1, (nimble swimmer 1), tentacles
a: Begin Untransformation


You were on level 3 of the Dungeon.
You were a hulking beast.
You visited 1 branch of the dungeon, and saw 3 of its levels.

You collected 120 gold pieces.

Inventory:

Missiles
 t - a throwing net (quivered)
Jewellery
 f - a ring of fire
Talismans
 b - a beast talisman
 c - a flux talisman
Scrolls
 d - 3 scrolls of identify {unknown}
 e - 2 scrolls of torment {unknown}
 g - 2 scrolls of noise {unknown}
 h - 2 scrolls of teleportation {unknown}
 j - a scroll of poison {unknown}
 l - 2 scrolls of enchant armour {unknown}
 m - a scroll of blinking {unknown}
 n - a scroll of revelation {unknown}
 p - a scroll of amnesia {unknown}
Potions
 a - 2 potions of lignification
 i - a potion of haste {unknown}
 k - a potion of enlightenment {unknown}
 o - a potion of mutation {unknown}
 q - a potion of curing {unknown}
 r - 2 potions of invisibility {unknown}
 s - a potion of heal wounds {unknown}
 u - a potion of attraction {unknown}


   Skills:
 + Level 1.5 Fighting
 + Level 2.3 Dodging
 + Level 4.7 Unarmed Combat
 * Level 4.4 Shapeshifting


You had 4 spell levels left.
You didn't know any spells.
Your spell library contained the following spells:

 Spells                   Type           Power      Damage    Failure   Level
 Dazzling Flash           Conj/Hex       0%         N/A       69%         3
 Volatile Blastmotes      Fire/Tloc      0%         2d10      69%         3
 Conjure Ball Lightning   Conj/Air       0%         3x3d6     100%        6
 Starburst                Conj/Fire      0%         6d3       100%        6
 Discord                  Hex            0%         N/A       100%        8
 Disjunction              Tloc           0%         N/A       100%        8
 Maxwell's Capacitive Co  Air            0%         ∞         100%        8


Dungeon Overview and Level Annotations

Branches:
Dungeon (3/15)

Altars:


Innate Abilities, Weirdness & Mutations

You are a hulking beast.
Your limbs bulge with bestial killing power. (Slay +2)
You cannot wear most types of armour.
You are amphibious.
You can wear up to eight rings at the same time.
Your skin changes colour to match your surroundings (Stealth+).
Your rubbery body absorbs attacks. (AC +1, EV +1)
((You are camouflaged when in or above water. (Stealth+)))
You have tentacles for arms and can constrict up to eight enemies at once.


Message History

An orc comes into view. It is wielding a +0 flail.
The gnoll barely misses you.
A gnoll comes into view. It is wielding a +0 whip.
You tentacle-slap the gnoll.
You kill the gnoll!
You barely miss the gnoll. Your grab misses the gnoll. You squeeze the gnoll!
You kill the gnoll!
You bludgeon the gnoll! Your grab misses the gnoll.
You tentacle-slap the gnoll.
The gnoll is almost dead.
The gnoll hits you with a +0 whip.
You bludgeon the gnoll!
You kill the gnoll!
The orc shouts!
You miss the adder. Your grab misses the adder. The adder bites you.
You tentacle-slap the adder. Your grab misses the adder. You squeeze the adder!
You kill the adder!
The orc hits you with a +0 flail.
Items here: ))) ††.
You tentacle-slap the orc. Your grab misses the orc. You squeeze the orc.
You kill the orc!
A goblin and a gnoll come into view.
You see here a +0 flail.
The goblin shouts!
You tentacle-slap the gnoll. You grab the gnoll.
The gnoll is heavily wounded.
You constrict the gnoll. The gnoll hits you with a +0 flail!
You tentacle-slap the gnoll.
The gnoll is heavily wounded.
You constrict the gnoll, but do no damage.
The gnoll hits you with a +0 flail!
* * * LOW HITPOINT WARNING * * *
You completely miss the gnoll.
The gnoll is heavily wounded.
You constrict the gnoll. The gnoll hits you with a +0 flail!
* * * LOW HITPOINT WARNING * * *
You bludgeon the gnoll!
You kill the gnoll!
The orc hits you with a +0 mace.
You die...

#.# ##≈≈≈≈≈≈ #.# ###
##≈≈≈≈≈ # #.# #.. ##≈≈≈≈
#.###.####..### ##≈≈≈ #
........#...
######.##....# ...
..†....#.....# #.# #
#########....###)#.#.#.#
.# ##.#..)oh....... .#
#.#####g......# .# #.#
#.###.### .# ##'## #.# #
.# ##...## #.# ##
##.....###.# .##
##.......##.#
..####.........#..
.....'.........+


You could see an orc and a goblin.

Vanquished Creatures
  7 adders
  7 gnolls
  2 dart slugs
  2 ribbon worms (D:3)
  An orc (D:3)
  A bat (D:1)
  7 endoplasms
  3 giant cockroaches
  5 goblins
  4 hobgoblins
  2 jackals (D:2)
  5 kobolds
  3 quokkas
  7 ball pythons
  2 frilled lizards
  10 rats
68 creatures vanquished.

Notes
Turn   | Place    | Note
-------+----------+-------------------------------------------
     0 | D:1      | lordive the Octopode Shapeshifter began the quest for the
                  | Orb.
     0 | D:1      | Reached XP level 1. HP: 13/13 MP: 1/1
   120 | D:1      | Reached XP level 2. HP: 18/18 MP: 2/2
   609 | D:1      | Reached XP level 3. HP: 18/23 MP: 3/3
  1101 | D:2      | Reached XP level 4. HP: 28/28 MP: 4/4
  1651 | D:2      | Reached XP level 5. HP: 26/33 MP: 5/5
  2442 | D:3      | Slain by an orc

Illustrated notes

Levels and vault maps discovered:
D:1:      elethiomel_arrival_infinity_welcomes_careful_drivers, layout_rooms
D:2:      layout_loops_ring
D:3:      kennysheep_big_flooded_room, layout_loops_corners,
          basic_ecumenical_altar, amcnicky_mini_pool_small,
          nicolae_grassy_gnolls

Skill      XL: |  1  2  3  4 |
---------------+-------------+-----
Shapeshifting  | 4 |  4.4
Unarmed Combat | 4 |  4.7
Fighting       | |  1.5
Dodging        | |  2.3

Action                     |  1- 3 |  4- 6 || total
---------------------------+-------+-------++-------
  Melee: Unarmed           |    73 |    57 ||   130
         Constrict         |    16 |    13 ||    29
         Tentacles         |    12 |    13 ||    25
         Punch             |       |     1 ||     1
   Stab: Sleeping          |     9 |     6 ||    15
 Armour: Skin              |    25 |    34 ||    59
  Dodge: Dodged            |    40 |    53 ||    93
